 Dungeon Sprint DCSS version 0.31-a0-408-gb642c7f9a3 (webtiles) character file.

Game seed: 5940378776758612659

5000000 zazu2006 the Conqueror (level 20, -71/216 HPs)
             Began as a Minotaur Berserker on July 29, 2023.
             Was the Champion of Trog.
             Annihilated by a meat berserker
             ... wielding a +9 battleaxe
              (79 damage)
             ... in the Dungeon (Sprint VIII: "Arena of Blood").
             The game lasted 00:02:41 (50 turns).

zazu2006 the Conqueror (Minotaur Berserker)           Turns: 50, Time: 00:02:42

Health: -71/216    AC:  4    Str: 28    XL:     20   Next: 91%
Magic:  19/32      EV: 25    Int:  4    God:    Trog [******]
Gold:   0          SH:  0    Dex: 13    Spells: 19/19 levels left

rFire   . . .        i - +∞ Axe of Woe
rCold   . . .        (shield currently unavailable)
rNeg    . . .        b - +0 animal skin
rPois   .            (helmet restricted)
rElec   .            (no cloak)
rCorr   .            (no gloves)
SInv    .            (no boots)
Will    +....        (no amulet)
Stlth   +++++++      (no ring)
HPRegen 0.56/turn    (no ring)
MPRegen 0.23/turn

%: no teleportation
@: no status effects
A: horns 2, retaliatory headbutt
a: Renounce Religion, Berserk, Trog's Hand, Brothers in Arms


You were in the Dungeon.
You worshipped Trog.
Trog was exalted by your worship.
You visited 1 branch

Inventory:

Hand Weapons
 a - a +0 hand axe
 i - the +∞ Axe of Woe (weapon)
   (You found it in the Dungeon)
Armour
 b - a +0 animal skin (worn)
Scrolls
 h - a scroll of blinking
Potions
 c - a potion of curing
 e - a potion of haste
 f - 2 potions of magic
 g - a potion of berserk rage


   Skills:
 O Level 27 Fighting
 + Level 21.4(24.7) Short Blades
 + Level 23.0(26.7) Long Blades
 O Level 27 Axes
 + Level 23.1(27) Maces & Flails
 + Level 23.0(27) Polearms
 + Level 23.0(27) Staves
 + Level 21.4 Ranged Weapons
 + Level 19.8 Throwing
 O Level 27 Armour
 O Level 27 Dodging
 + Level 18.3 Stealth
 + Level 23.1 Shields
 + Level 20.1 Unarmed Combat
 + Level 18.6 Invocations
 + Level 17.2 Evocations
 + Level 13.5 Shapeshifting


You had 19 spell levels left.
You didn't know any spells.
Your spell library was empty.

Dungeon Overview and Level Annotations

Branches:
Dungeon (1/1)

Altars:
Makhleb


Innate Abilities, Weirdness & Mutations

You have a pair of horns on your head.
You reflexively headbutt those who attack you in melee.


Message History

Press < or > to pray at altars.
A meat berserker comes into view. It is wielding a +9 battleaxe.
You hear a shout! x2
A bag of meat comes into view. It is wielding a +9 war axe.
You hear a shout! x5
Items here: )))) ==== ††.
You chop one of the eight-headed meat hydra's heads off!
The seven-headed meat hydra grows two more!
You slash the nine-headed meat hydra!
You pulverise the nine-headed meat hydra into a thin bloody mist.
You kill the nine-headed meat hydra!
Trog accepts your kill.
You hear a shout!
The meat berserker rages.
A bag of meat comes into view. It is wielding a +9 war axe.
You hear a shout! x3
A sculptor of flesh comes into view. It is wielding a +9 great sword.
The bag of meat shouts!
The destroyer shouts!
You hear a shout!
Unknown command.
You dice the meat berserker like an onion!!!
You cleave the meat berserker in twain.
You kill the meat berserker!
Trog accepts your kill.
You hear two shouts!
You hear a shout!
The destroyer casts a spell at you.
The destroyer blinks!
You hear a shout! x3
A bag of meat comes into view. It is wielding a +9 war axe.
You hear a shout! x3
Your base Long Blades skill increases to level 23!
Your base Maces & Flails skill increases to level 23!
Your base Polearms skill increases to level 23!
Your base Staves skill increases to level 23!
Your Shields skill increases to level 23!
Your Unarmed Combat skill increases to level 20!
Unknown command.
Unknown command.
A bag of meat comes into view. It is wielding a +9 war axe.
The meat berserker hits you with a +9 battleaxe!!!!
You die...

.........o..
........oV.
.......zo..
.........o
#.......#
#.......# ..
.###....O..###...
......###@.......
......z_)).......
....#..)))#......
. #_.<)_#......
...#..))V#......
......_.))......
..§...###).......
.###.. ...###...
#.. ....# ..


You could see 2 destroyers, 2 sculptors of flesh, a meat berserker (berserk) and
4 bags of meat.

Vanquished Creatures
  6 vampire knights (D)
  12 ogres (D)
  A hydra (D)
  27 orcs (D)
  3 skeletal warriors (D)
49 creatures vanquished.

Notes
Turn   | Place    | Note
-------+----------+-------------------------------------------
     0 | D        | Found the +∞ Axe of Woe
     0 | D        | zazu2006 the Minotaur Berserker began the quest for the
                  | Orb.
     0 | D        | Reached XP level 1. HP: 19/19 MP: 0/0
     2 | D        | Noticed a meat berserker
     3 | D        | Noticed a bag of meat
     3 | D        | Noticed a meat berserker
     3 | D        | Noticed a bag of meat
     3 | D        | Noticed a bag of meat
     4 | D        | Noticed a bag of meat
     5 | D        | Killed a meat berserker
     5 | D        | Noticed a meat berserker
     5 | D        | Noticed a bag of meat
     5 | D        | Noticed a bag of meat
     6 | D        | Reached skill level 10 in Dodging
     6 | D        | Reached XP level 2. HP: 60/60 MP: 1/1
     6 | D        | Reached XP level 3. HP: 67/67 MP: 2/2
     6 | D        | Reached XP level 4. HP: 75/75 MP: 3/3
     6 | D        | Reached XP level 5. HP: 82/82 MP: 4/4
     6 | D        | Reached XP level 6. HP: 91/91 MP: 5/5
     6 | D        | Reached XP level 7. HP: 97/97 MP: 6/6
     6 | D        | Reached XP level 8. HP: 106/106 MP: 7/7
     6 | D        | Reached XP level 9. HP: 114/114 MP: 8/8
     6 | D        | Reached XP level 10. HP: 122/122 MP: 9/9
     6 | D        | Reached XP level 11. HP: 129/129 MP: 10/10
     8 | D        | Killed a meat berserker
     8 | D        | Reached ** piety under Trog
     8 | D        | Killed a bag of meat
     9 | D        | Reached skill level 15 in Armour
     9 | D        | Reached XP level 12. HP: 65/148 MP: 11/11
     9 | D        | Reached XP level 13. HP: 69/156 MP: 12/12
     9 | D        | Killed a meat berserker
    10 | D        | Reached skill level 27 in Fighting
    10 | D        | Reached skill level 27 in Axes
    10 | D        | Reached XP level 14. HP: 74/168 MP: 13/13
    10 | D        | Killed a bag of meat
    10 | D        | Reached *** piety under Trog
    11 | D        | Noticed a meat berserker
    11 | D        | Noticed a bag of meat
    11 | D        | Noticed a bag of meat
    12 | D        | Noticed a meat berserker
    12 | D        | Noticed a bag of meat
    13 | D        | Killed a bag of meat
    13 | D        | Killed a bag of meat
    13 | D        | Noticed a bag of meat
    14 | D        | Killed a bag of meat
    14 | D        | Noticed a meat berserker
    14 | D        | Noticed a meat berserker
    15 | D        | Reached XP level 15. HP: 79/174 MP: 14/14
    16 | D        | Reached **** piety under Trog
    16 | D        | Noticed a meat berserker
    17 | D        | Killed a meat berserker
    17 | D        | Killed a meat berserker
    18 | D        | Reached skill level 27 in Armour
    18 | D        | Reached skill level 27 in Dodging
    18 | D        | Reached XP level 16. HP: 84/183 MP: 15/15
    18 | D        | Noticed a meat berserker
    18 | D        | Noticed a meat berserker
    19 | D        | Killed a meat berserker
    19 | D        | Reached ***** piety under Trog
    20 | D        | Reached skill level 5 in Evocations
    20 | D        | Killed a meat berserker
    21 | D        | Reached skill level 5 in Shapeshifting
    23 | D        | Killed a meat berserker
    23 | D        | Received a gift from Trog
    24 | D        | Reached skill level 10 in Short Blades
    24 | D        | Reached skill level 10 in Ranged Weapons
    24 | D        | Reached skill level 10 in Unarmed Combat
    24 | D        | Reached XP level 17. HP: 67/191 MP: 15/22
    24 | D        | Noticed a meat berserker
    24 | D        | Noticed a destroyer
    25 | D        | Killed a meat berserker
    26 | D        | Reached skill level 10 in Throwing
    26 | D        | Reached skill level 10 in Invocations
    26 | D        | Killed a meat berserker
    27 | D        | Reached skill level 10 in Stealth
    27 | D        | Reached skill level 10 in Evocations
    27 | D        | Received a gift from Trog
    27 | D        | Noticed a destroyer
    29 | D        | Reached XP level 18. HP: 72/200 MP: 16/25
    29 | D        | Noticed an eight-headed meat hydra
    29 | D        | Killed a meat berserker
    29 | D        | Noticed a destroyer
    30 | D        | Reached skill level 15 in Long Blades
    30 | D        | Reached skill level 15 in Maces & Flails
    30 | D        | Reached skill level 15 in Polearms
    30 | D        | Reached skill level 15 in Staves
    30 | D        | Reached skill level 15 in Shields
    30 | D        | Noticed a destroyer
    31 | D        | Noticed a destroyer
    32 | D        | Noticed a sculptor of flesh
    32 | D        | Killed a destroyer
    32 | D        | Reached ****** piety under Trog
    33 | D        | Reached skill level 15 in Unarmed Combat
    33 | D        | Killed a destroyer
    33 | D        | Received a gift from Trog
    34 | D        | Reached skill level 15 in Throwing
    34 | D        | Reached skill level 10 in Shapeshifting
    34 | D        | Reached XP level 19. HP: 40/207 MP: 17/29
    34 | D        | Killed a destroyer
    35 | D        | Reached skill level 15 in Stealth
    35 | D        | Reached skill level 15 in Invocations
    35 | D        | Noticed a destroyer
    37 | D        | Killed a destroyer
    37 | D        | Received a gift from Trog
    37 | D        | Killed a destroyer
    38 | D        | Reached XP level 20. HP: 24/216 MP: 17/31
    38 | D        | Noticed a destroyer
    39 | D        | Received a gift from Trog
    40 | D        | Noticed a destroyer
    40 | D        | HP: 8/216 [??? (6)]
    45 | D        | Killed a destroyer
    45 | D        | Noticed a meat berserker
    46 | D        | Received a gift from Trog
    46 | D        | Noticed a meat berserker
    47 | D        | Noticed a meat berserker
    48 | D        | Killed a nine-headed meat hydra
    49 | D        | Killed a meat berserker
    50 | D        | Annihilated by a meat berserker

Illustrated notes

Levels and vault maps discovered:
D:        meatsprint

Skill      XL: |  1  2  3  4  5  6  7  8  9 10 11 12 13 14 15 16 17 18 19 20 |
---------------+-------------------------------------------------------------+-----
Fighting       | 21 26 27 | 27.0
Axes           | 22 26 27 | 27.0
Armour         | 12 15 19 25 27 | 27.0
Dodging        | 10 12 16 22 27 | 27.0
Short Blades   | 10 13 17 19 21 | 21.4
Long Blades    | 11 14 18 21 23 | 23.0
Maces & Flails | 11 14 18 21 23 | 23.1
Polearms       | 11 14 18 21 23 | 23.0
Staves         | 11 14 18 21 23 | 23.0
Ranged Weapons | 10 13 17 19 21 | 21.4
Throwing       | 9 12 15 18 19 | 19.8
Stealth        | 9 11 14 17 18 | 18.3
Shields        | 11 14 18 21 23 | 23.1
Unarmed Combat | 10 12 16 18 20 | 20.1
Invocations    | 9 11 14 17 18 | 18.6
Evocations     | 8 10 13 16 17 | 17.2
Shapeshifting  | 6 8 10 12 13 | 13.5

Action                     |  1- 3 |  4- 6 |  7- 9 | 10-12 | 13-15 | 16-18 | 19-21 || total
---------------------------+-------+-------+-------+-------+-------+-------+-------++-------
  Melee: Executioner's axe |     1 |       |       |     1 |     6 |    11 |    12 ||    31
    Use: Potion            |       |       |       |       |       |       |     1 ||     1

Table legend: (Time is in decaauts)
 A = Elapsed time spent in this place.
 B = Non-inter-level travel time spent in this place.
 C = Inter-level travel time spent in this place.
 D = Time resting spent in this place.
 E = Time spent auto-exploring this place.
 F = Levels seen in this place.
 G = Mean time per level.
                   A        B        C        D        E       F      G
               +--------+--------+--------+--------+--------+-----+--------+
         Total |     41 |     41 |      0 |      0 |      0 |   1 |   41.0 |
       Dungeon |     41 |     41 |      0 |      0 |      0 |   1 |   41.0 |
               +--------+--------+--------+--------+--------+-----+--------+

Top non-repeatable levels by time:
       D: 41 daAuts
